 Dungeon Crawl Stone Soup version 0.21.1-1-g345015f (webtiles) character file.

688 Monsterracer the Ducker (level 7, -2/36 HPs)
             Began as a Spriggan Hunter on Feb 16, 2018.
             Was an Initiate of Okawaru.
             Killed by divine providence
             ... invoked by an orc priest
              (11 damage)
             ... on level 4 of the Dungeon.
             The game lasted 00:10:44 (5132 turns).

Monsterracer the Ducker (Spriggan Hunter)           Turns: 5132, Time: 00:10:44

Health: -2/36      AC:  8    Str: 10    XL:     7   Next: 36%
Magic:  8/8        EV: 21    Int: 13    God:    Okawaru [......]
Gold:   215        SH:  0    Dex: 16    Spells: 5/6 levels left

rFire    . . .     SeeInvis +   a - +0 short sword
rCold    . . .     Gourm    .   (shield restricted)
rNeg     . . .     Faith    .   w - +1 robe
rPois    .         Spirit   .   l - +2 hat
rElec    .         Reflect  .   (no cloak)
rCorr    .         Harm     .   (gloves unavailable)
MR       +....                  (boots unavailable)
Stlth    +++.......             (no amulet)
HPRegen  0.12/turn              r - +3 ring of protection
MPRegen  0.11/turn              (no ring)

@: drained, very quick
A: very small, unfitting armour, see invisible, herbivore, speed 3, slow
metabolism 2
a: Renounce Religion


You were on level 4 of the Dungeon.
You worshipped Okawaru.
Okawaru was noncommittal.
You were not hungry.

You visited 2 branches of the dungeon, and saw 5 of its levels.

You collected 215 gold pieces.

Inventory:

Hand Weapons
 a - a +0 short sword (weapon)
 b - a +0 dagger
Missiles
 d - 2 throwing nets
 f - 7 tomahawks (quivered)
Armour
 l - a +2 hat (worn)
 w - a +1 robe (worn)
Jewellery
 r - a +3 ring of protection (left hand)
Wands
 p - a wand of paralysis (4)
Scrolls
 g - 2 scrolls of remove curse
 j - 3 scrolls of teleportation
 m - a scroll of magic mapping {!r}
Potions
 e - a potion of flight
 h - 4 potions of haste
 i - a potion of mutation {!q}
 k - 2 potions of curing
 n - 2 potions of heal wounds
 q - 2 potions of ambrosia {!q}
Comestibles
 c - 8 rations


   Skills:
 + Level 3.0(2.9) Fighting
 * Level 5.0(4.8) Short Blades
 + Level 5.0(4.9) Throwing
 + Level 5.6(5.5) Dodging
 + Level 5.3(5.1) Stealth
 + Level 0.1(0.0) Invocations
 + Level 0.2(0.0) Evocations


You had 5 spell levels left.
You knew the following spells:

 Your Spells              Type           Power        Failure   Level  Hunger
z - Apportation           Tloc           #.....       30%         1    ##.....


Dungeon Overview and Level Annotations

Branches:
Dungeon (4/15)             Temple (1/1) D:4

Altars:
Dithmenos
Elyvilon
Fedhas
Gozag
Kikubaaqudgha
Makhleb
Nemelex Xobeh
Okawaru
Qazlal
Sif Muna
Uskayaw
Vehumet
Wu Jian
Xom
Yredelemnul
Zin
The Shining One


Innate Abilities, Weirdness & Mutations

You are very small and have problems with some larger weapons.
You are too small for most types of armour.
You have supernaturally acute eyesight. (SInv)
You are a herbivore.
You cover ground extremely quickly.
You need consume almost no food.


Message History

An orc is wielding a hand axe of draining.
The helpless orc fails to defend itself.
You impale the orc!!
You kill the orc!
Things that are here:
a flail; a ring mail The orc shouts! x2; The orc priest shouts! x2
Things that are here:
a flail; a ring mail You see here a potion of haste.
h - 4 potions of haste (gained 1) Really walk into a travel-excluded area?
Okay, then.
Found a staircase to the Ecumenical Temple.
There is a staircase to the Ecumenical Temple here.
You climb downwards.
Welcome to the Ecumenical Temple!
Found four altars.
There is a staircase back to the Dungeon here.
Found three altars.
Found an iron altar of Okawaru and a white marble altar of Elyvilon.
There is a glowing golden altar of the Shining One here.
There is a glowing silver altar of Zin here.
There is a staircase back to the Dungeon here.
Found three altars.
Found a burning altar of Makhleb and a radiant altar of Vehumet.
Done exploring.
There is a hide-covered altar of Uskayaw here.
There is a staircase back to the Dungeon here.
There is a glowing golden altar of the Shining One here.
There is an iron altar of Okawaru here.
You kneel at the altar of Okawaru.
Okawaru welcomes you!
There is a staircase back to the Dungeon here.
You climb upwards.
Welcome back to the Dungeon!
There is a staircase to the Ecumenical Temple here.
You can't go up here!
The orc is too close now for your liking.
An orc is nearby!
You start waiting.
You barely miss the orc. The orc closely misses you.
You hit the orc.
The orc is severely wounded.
The orc hits you with a hand axe of draining.
You feel drained.
You take 1 damage, and have 35/36 hp.
You hit the orc.
You kill the orc!
Okawaru accepts your kill.
The orc priest casts a cantrip, but nothing happens.
Throwing (i - inventory. (,) - cycle):
f - 13 tomahawks (quivered)
Press: ? - help, Shift-Dir - straight line, f - orc priest
Aim: an orc priest, wielding a club You throw a tomahawk.
The tomahawk hits the orc priest!
The orc priest is severely wounded.
You hit the orc priest.
The orc priest is severely wounded.
The orc priest mumbles some strange prayers to Beogh against you.
Beogh smites you!
The orc priest invokes the aid of Beogh against you.
Beogh smites you!
* * * LOW HITPOINT WARNING * * *
You take 27 damage, and have 8/36 hp.
MASSIVE DAMAGE!!
Throwing (i - inventory. (,) - cycle):
f - 12 tomahawks (quivered)
Press: ? - help, Shift-Dir - straight line, f/p - orc priest
Aim: an orc priest, wielding a club (severely wounded)
You throw a tomahawk.
The tomahawk barely misses the orc priest.
The orc priest miscasts a cantrip.
Throwing (i - inventory. (,) - cycle):
f - 11 tomahawks (quivered)
Press: ? - help, Shift-Dir - straight line, f/p - orc priest
Aim: an orc priest, wielding a club (severely wounded)
You throw a tomahawk. The orc shouts!
The tomahawk hits the orc priest!
You kill the orc priest!
Okawaru accepts your kill.
Your base Short Blades skill increases to level 5!
The orc priest misses you.
Throwing (i - inventory. (,) - cycle):
f - 10 tomahawks (quivered)
Press: ? - help, Shift-Dir - straight line, f - orc priest
Aim: an orc priest, wearing a leather armour You throw a tomahawk.
The tomahawk hits the orc priest.
The orc priest is moderately wounded.
The orc priest looks encouraged for a moment.
Throwing (i - inventory. (,) - cycle):
f - 9 tomahawks (quivered)
Press: ? - help, Shift-Dir - straight line, f/p - orc priest
Aim: an orc priest, wearing a leather armour (moderately wounded)
You throw a tomahawk.
The tomahawk barely misses the orc priest.
The orc priest closely misses you. The orc completely misses you.
Throwing (i - inventory. (,) - cycle):
f - 8 tomahawks (quivered)
Press: ? - help, Shift-Dir - straight line, f/p - orc priest
Aim: an orc priest, wearing a leather armour (moderately wounded)
You throw a tomahawk.
The tomahawk hits the orc priest but does no damage.
The orc priest is moderately wounded.
The orc priest misses you. The orc completely misses you.
The orc priest calls down the wrath of Beogh upon you.
Beogh smites you!
You die...

)..........#######8.8#######.....
...........# #..#..#.# #..<..
...>.....### #.###.#.# #.....
....o....# #.# #.#.# #.....
.........#########.# #...# ####.#
.........o.o.......####..# #.#
#####...#########.(.....># #.#
#...#########o(......# #.#
#...#.......@o.....(.# #.#
#...#................# #.#
#####..........#####.# #.#
#..........#####.######.#
##########..#............#
#....†......#.###.########
#.########.#....#........#
#.#..†...#.#..#.#.#......#
#.#.####.#.#..#.#.#.######


You could see an orc priest and an orc.

Vanquished Creatures
  Grinder (D:3)
  2 ogres (D:4)
  An orc wizard (D:4)
  2 orc priests
  3 worker ants (D:4)
  A hound skeleton (D:4)
  3 adders
  2 oozes
  An adder skeleton (D:2)
  4 worms
  4 dart slugs
  4 leopard geckos
  14 orcs
  5 bats
  3 giant cockroaches
  16 goblins
  7 hobgoblins
  3 quokkas
  7 frilled lizards
  3 kobolds
  9 rats
95 creatures vanquished.

Notes
Turn   | Place    | Note
-------+----------+-------------------------------------------
     0 | D:1      | Monsterracer the Spriggan Hunter began the quest for the Orb.
     0 | D:1      | Reached XP level 1. HP: 10/10 MP: 2/2
   258 | D:1      | Reached skill level 1 in Short Blades
   258 | D:1      | Reached XP level 2. HP: 14/15 MP: 3/3
   892 | D:1      | Reached XP level 3. HP: 18/18 MP: 4/4
  1904 | D:3      | Reached XP level 4. HP: 18/23 MP: 5/5
  1977 | D:3      | HP: 9/23 [orc/hand axe (5)]
  2032 | D:3      | HP: 10/23 [orc/tomahawk (2)]
  2391 | D:3      | HP: 9/23 [orc priest/divine providence (14)]
  2599 | D:3      | Found an ornate altar of the Wu Jian Council.
  2599 | D:3      | Noticed Grinder
  2766 | D:3      | Reached XP level 5. HP: 26/26 MP: 6/6
  3377 | D:3      | HP: 13/26 [Grinder/nerve-wracking pain (8)]
  3390 | D:3      | Killed Grinder
  3390 | D:3      | Reached XP level 6. HP: 17/32 MP: 7/7
  3674 | D:4      | Reached skill level 5 in Dodging
  3792 | D:4      | HP: 14/32 [ogre/giant spiked club (7)]
  3795 | D:4      | Reached skill level 5 in Stealth
  3795 | D:4      | Reached XP level 7. HP: 14/35 MP: 8/8
  3798 | D:4      | HP: 14/35 [poisoned by a worker ant]
  3805 | D:4      | HP: 13/35 [poisoned by a worker ant]
  3819 | D:4      | HP: 12/35 [orc (2)]
  4057 | D:4      | Found a deep blue altar of Sif Muna.
  4195 | D:4      | Learned a level 1 spell: Apportation
  4358 | D:4      | Found a blossoming altar of Fedhas.
  4524 | D:4      | Reached skill level 5 in Throwing
  4956 | D:4      | Found a staircase to the Ecumenical Temple.
  4965 | Temple   | Entered the Ecumenical Temple
  5057 | Temple   | Became a worshipper of Warmaster Okawaru
  5127 | D:4      | HP: 8/36 [orc priest/divine providence (12)]
  5129 | D:4      | Reached skill level 5 in Short Blades
  5132 | D:4      | Killed from afar by an orc priest

Skill      XL: |  1  2  3  4  5  6  7 |
---------------+----------------------+-----
Stealth        | 2 3 4 5 |  5.3
Short Blades   | 1 2 4 5 |  5.0
Fighting       | 2 3 |  3.0
Dodging        | 4 5 |  5.6
Throwing       | 5 |  5.0
Invocations    | |  0.1
Evocations     | |  0.2

Action                   |  1- 3 |  4- 6 |  7- 9 || total
-------------------------+-------+-------+-------++-------
Melee: Dagger            |   213 |     6 |    12 ||   231
       Short sword       |    51 |   142 |    62 ||   255
Throw: Tomahawk          |    18 |    45 |    19 ||    82
       Throwing net      |       |     3 |       ||     3
  Use: Scroll            |     2 |     7 |     3 ||    12
 Stab: Sleeping          |     4 |     3 |     3 ||    10
       Distracted        |       |     3 |       ||     3
       Held in net/web   |       |     1 |       ||     1
  Eat: Ration            |       |     1 |     1 ||     2
Armor: Robe              |    26 |    18 |     7 ||    51
Dodge: Dodged            |   224 |   112 |    56 ||   392

Vault maps used:
D:1:      scummos_arrival_checkerplants
D:2:      minmay_wonky_spiral, first_ration
D:3:      minmay_diamond_boxcup, overflow_temple_1_default, uniq_grinder
D:4:      nicolae_overflow_crystal_walls, lemuel_round_altar,
          lemuel_temple_firewalk_a
Temple:   zaba_magenta_temple
